 Dungeon Crawl Stone Soup version 0.25.0-11-g1f837a76a1 (webtiles) character file.

Game seed: 16005463446999412761

107 cantrip the Caller (level 4, -5/32 HPs)
             Began as a Gnoll Summoner on June 26, 2020.
             Killed by nerve-wracking pain
             ... invoked by an orc priest
              (10 damage)
             ... on level 4 of the Dungeon.
             The game lasted 00:14:52 (2950 turns).

cantrip the Caller (Gnoll Summoner)                 Turns: 2950, Time: 00:14:53

Health: -5/32      AC:  2    Str: 10    XL:     4   Next: 85%
Magic:  7/11       EV: 15    Int: 19    God:
Gold:   82         SH:  0    Dex: 15    Spells: 4/13 levels left

rFire    . . .     SeeInvis .     - Unarmed
rCold    . . .     Gourm    .   (no shield)
rNeg     . . .     Faith    .   a - +0 robe
rPois    .         Spirit   .   (no helmet)
rElec    .         Reflect  .   (no cloak)
rCorr    .         Harm     .   (no gloves)
MR       .....                  (no boots)
Stlth    +++.......             (no amulet)
HPRegen  0.10/turn              (no ring)
MPRegen  0.12/turn              (no ring)

@: no status effects
A: distributed training, fangs 1, strong nose
a: no special abilities


You were on level 4 of the Dungeon.
You were not hungry.

You visited 1 branch of the dungeon, and saw 4 of its levels.

You collected 82 gold pieces.

Inventory:

Hand Weapons
 l - a +0 hunting sling
Missiles
 h - 23 poisoned darts (quivered)
 i - 69 bolts
 k - 49 sling bullets
 m - 3 javelins
Armour
 a - a +0 robe (worn)
Jewellery
 o - an uncursed ring of stealth {unknown}
Scrolls
 b - 3 scrolls of identify {unknown}
 e - 3 scrolls of teleportation {unknown}
 g - a scroll of blinking {unknown}
 n - 2 scrolls of remove curse {unknown}
 p - a scroll of enchant weapon {unknown}
Potions
 d - a potion of berserk rage {unknown}
 j - a potion of curing {unknown}
Comestibles
 c - 6 rations
 f - 2 chunks of flesh


   Skills:
 + Level 1.2 Fighting
 + Level 1.2 Short Blades
 + Level 1.2 Long Blades
 + Level 1.2 Axes
 + Level 1.2 Maces & Flails
 + Level 1.2 Polearms
 + Level 1.2 Staves
 + Level 1.2 Slings
 + Level 1.2 Bows
 + Level 1.2 Crossbows
 + Level 1.2 Throwing
 + Level 1.2 Armour
 + Level 4.7 Dodging
 + Level 4.3 Stealth
 + Level 1.2 Shields
 + Level 1.2 Unarmed Combat
 + Level 5.1 Spellcasting
 + Level 1.0 Conjurations
 + Level 1.0 Hexes
 + Level 1.0 Charms
 + Level 7.1 Summonings
 + Level 1.0 Necromancy
 + Level 1.0 Translocations
 + Level 1.0 Transmutations
 + Level 1.0 Fire Magic
 + Level 1.0 Ice Magic
 + Level 1.0 Air Magic
 + Level 1.0 Earth Magic
 + Level 1.0 Poison Magic
 + Level 1.3 Invocations
 + Level 1.2 Evocations


You had 4 spell levels left.
You knew the following spells:

 Your Spells              Type           Power        Failure   Level  Hunger
a - Summon Small Mammal   Summ           ####         1%          1    None
b - Call Imp              Summ           ####....     1%          2    #......
c - Call Canine Familiar  Summ           ####....     1%          3    ##.....
d - Summon Guardian Gole  Hex/Summ       ###.....     7%          3    ##.....

Your spell library contained the following spells:

 Spells                   Type           Power        Failure   Level  Hunger
 Summon Ice Beast         Ice/Summ       ###.....     22%         4    ####...
 Summon Lightning Spire   Summ/Air       ###.....     22%         4    ####...


Dungeon Overview and Level Annotations

Branches:
Dungeon (4/15)
 Temple: D:4-7

Altars:


Innate Abilities, Weirdness & Mutations

Your experience applies equally to all skills.
You have very sharp teeth.
Your uncanny sense of smell can sniff out nearby items.


Message History

* * * LOW HITPOINT WARNING * * *
Your hound barely misses the orc priest.
Your crimson imp hits the orc priest but does no damage.
You hit the orc priest but do no damage.
The orc priest is heavily wounded.
Your hound bites the orc priest but does no damage.
The orc priest closely misses you.
Your hound bites the orc priest but does no damage.
Your crimson imp hits the orc priest but does no damage. x2
You closely miss the orc priest.
The orc priest is heavily wounded.
The orc priest closely misses you.
Your hound barely misses the orc priest.
Your crimson imp hits the orc priest but does no damage. x2
You hit the orc priest.
The orc priest is severely wounded.
Your hound barely misses the orc priest.
The orc priest invokes the aid of Beogh against you.
Pain shoots through your body!
You die...

#.......#.......
##.........####
#...####.....#
##..# #.....#
#..# #.....#
#..# #.....#
#..# #.....#
#..####.....#
......5@5..#
.#.....o...#
#+###.h...#
..$.?###
.......#
...5.!....
.........##
#.........
#.......##


You could see an orc priest, a friendly hound (summoned) and 3 friendly crimson
imps.

Vanquished Creatures
  A frilled lizard (D:1)
1 creature vanquished.

Vanquished Creatures (collateral kills)
  An orc priest (D:3)
  An orc wizard (D:3)
  3 adders (D:2)
  4 worms
  3 dart slugs
  3 leopard geckos
  4 orcs
  4 giant cockroaches
  4 goblins
  6 hobgoblins
  11 jackals
  4 kobolds
  A quokka (D:2)
  A ball python (D:2)
  9 bats
  6 frilled lizards
  8 rats
73 creatures vanquished.

Grand Total: 74 creatures vanquished

Notes
Turn   | Place    | Note
-------+----------+-------------------------------------------
     0 | D:1      | cantrip the Gnoll Summoner began the quest for the Orb.
     0 | D:1      | Reached XP level 1. HP: 13/13 MP: 6/6
   332 | D:1      | Reached XP level 2. HP: 18/19 MP: 1/7
   336 | D:1      | Learned a level 2 spell: Call Imp
   919 | D:2      | Reached XP level 3. HP: 25/25 MP: 2/9
  1016 | D:2      | Reached skill level 5 in Spellcasting
  1515 | D:2      | Reached skill level 1 in Invocations
  1890 | D:3      | Learned a level 3 spell: Call Canine Familiar
  1894 | D:3      | Learned a level 3 spell: Summon Guardian Golem
  2012 | D:3      | Reached skill level 1 in Fighting
  2012 | D:3      | Reached skill level 1 in Short Blades
  2012 | D:3      | Reached skill level 1 in Long Blades
  2012 | D:3      | Reached skill level 1 in Axes
  2012 | D:3      | Reached skill level 1 in Maces & Flails
  2012 | D:3      | Reached skill level 1 in Polearms
  2012 | D:3      | Reached skill level 1 in Staves
  2012 | D:3      | Reached skill level 1 in Slings
  2012 | D:3      | Reached skill level 1 in Bows
  2012 | D:3      | Reached skill level 1 in Crossbows
  2012 | D:3      | Reached skill level 1 in Throwing
  2012 | D:3      | Reached skill level 1 in Armour
  2012 | D:3      | Reached skill level 1 in Shields
  2012 | D:3      | Reached skill level 1 in Unarmed Combat
  2012 | D:3      | Reached skill level 1 in Evocations
  2115 | D:3      | Reached XP level 4. HP: 32/32 MP: 4/11
  2377 | D:3      | Reached skill level 1 in Conjurations
  2377 | D:3      | Reached skill level 1 in Hexes
  2377 | D:3      | Reached skill level 1 in Charms
  2377 | D:3      | Reached skill level 1 in Necromancy
  2377 | D:3      | Reached skill level 1 in Translocations
  2377 | D:3      | Reached skill level 1 in Transmutations
  2377 | D:3      | Reached skill level 1 in Fire Magic
  2377 | D:3      | Reached skill level 1 in Ice Magic
  2377 | D:3      | Reached skill level 1 in Air Magic
  2377 | D:3      | Reached skill level 1 in Earth Magic
  2377 | D:3      | Reached skill level 1 in Poison Magic
  2950 | D:4      | Killed from afar by an orc priest

Illustrated notes

Levels and vault maps discovered:
D:1:      saegor_arrival_simple_e, layout_basic, serial_bayou_pond_d
D:2:      layout_rooms
D:3:      layout_rooms
D:4:      layout_basic, first_ration, uniq_ijyb, uniq_blork_the_orc

Skill      XL: |  1  2  3  4 |
---------------+-------------+-----
Spellcasting   | 5 |  5.1
Invocations    | 1 |  1.3
Fighting       | 1 |  1.2
Short Blades   | 1 |  1.2
Long Blades    | 1 |  1.2
Axes           | 1 |  1.2
Maces & Flails | 1 |  1.2
Polearms       | 1 |  1.2
Staves         | 1 |  1.2
Slings         | 1 |  1.2
Bows           | 1 |  1.2
Crossbows      | 1 |  1.2
Throwing       | 1 |  1.2
Armour         | 1 |  1.2
Shields        | 1 |  1.2
Unarmed Combat | 1 |  1.2
Evocations     | 1 |  1.2
Conjurations   | 1 |  1.0
Hexes          | 1 |  1.0
Charms         | 1 |  1.0
Necromancy     | 1 |  1.0
Translocations | 1 |  1.0
Transmutations | 1 |  1.0
Fire Magic     | 1 |  1.0
Ice Magic      | 1 |  1.0
Air Magic      | 1 |  1.0
Earth Magic    | 1 |  1.0
Poison Magic   | 1 |  1.0
Dodging        | |  4.7
Stealth        | |  4.3
Summonings     | |  7.1

Action                   |  1- 3 |  4- 6 || total
-------------------------+-------+-------++-------
Melee: Unarmed           |    17 |    10 ||    27
       Bite              |     1 |       ||     1
 Cast: Summon Small Mamm |    14 |       ||    14
       Call Imp          |    31 |     7 ||    38
       Call Canine Famil |     3 |     7 ||    10
 Stab: Sleeping          |     3 |       ||     3
  Eat: Chunk             |     4 |     3 ||     7
Armor: Robe              |    12 |     1 ||    13
Dodge: Dodged            |    57 |    16 ||    73
